 Dungeon Crawl Stone Soup version 0.29.1-12-g30fa7ad0bf (webtiles) character file.

Game seed: 13472082470191576637

34610 MisterFreud the Covert (level 13, -35/92 HPs)
             Began as a Gnoll Brigand on Dec 13, 2022.
             Was an Elder of Hepliaklqana.
             Annihilated by a snapping turtle (53 damage)
             ... on level 5 of the Lair of Beasts.
             The game lasted 00:32:29 (20027 turns).

MisterFreud the Covert (Gnoll Brigand)             Turns: 20027, Time: 00:32:30

Health: -35/92     AC: 14    Str: 10    XL:     13   Next: 78%
Magic:  25/25      EV:  2    Int: 15    God:    Hepliaklqana [****..]
Gold:   613        SH:  0    Dex: 15    Spells: 29/29 levels left

rFire   + + .      SeeInvis +   M - +2 dagger (drain)
rCold   + . .      Faith    .   n - +0 buckler of Polish {rF+ rC+}
rNeg    . . .      Spirit   .   b - +0 robe
rPois   .          Reflect  .   q - +2 helmet {SInv}
rElec   .          Harm     .   t - +1 cloak
rCorr   .          Rampage  .   (no gloves)
Will    .....                   D - +0 pair of boots
Stlth   +++++.....              (no amulet)
HPRegen 0.25/turn               m - ring of protection from fire
MPRegen 0.19/turn               v - +4 ring of protection

@: about to teleport, sleeping
A: reduced essence, fangs 1, strong nose, distributed training
a: Renounce Religion, Recall Ancestor, Ancestor Identity, Transference, Idealise


You were on level 5 of the Lair of Beasts.
You worshipped Hepliaklqana.
Hepliaklqana was greatly pleased with you.
You visited 3 branches of the dungeon, and saw 16 of its levels.

You collected 743 gold pieces.
You spent 130 gold pieces at shops.

Inventory:

Hand Weapons
 a - a +2 dagger
 z - a +2 dagger of speed
 L - a +3 quarterstaff of chaos
 M - a +2 dagger of draining (weapon)
 O - a +0 vorpal demon trident
 P - a +3 dagger
Missiles
 d - 38 poisoned darts (quivered)
 e - 3 curare-tipped darts
 y - 6 datura-tipped darts
 A - 5 boomerangs
 G - 2 atropa-tipped darts
 R - a throwing net
Armour
 b - a +0 robe (worn)
 c - a +0 cloak
 n - the +0 buckler of Polish (worn) {rF+ rC+}
   (You acquired it on level 8 of the Dungeon)

   rF:        It protects you from fire.
   rC:        It protects you from cold.
 q - a +2 helmet of see invisible (worn)
 t - a +1 cloak (worn)
 D - a +0 pair of boots (worn)
 T - +0 swamp dragon scales
Jewellery
 m - a ring of protection from fire (left hand)
 o - a +6 ring of intelligence
 v - a +4 ring of protection (right hand)
 Q - a ring of wizardry
Wands
 r - a wand of roots (16)
 H - a wand of flame (37)
 I - a wand of mindburst (3)
 S - a wand of digging (13)
 W - a wand of polymorph (1)
Scrolls
 h - 2 scrolls of magic mapping
 i - a scroll of enchant armour
 j - 2 scrolls of immolation
 k - 2 scrolls of butterflies
 s - 2 scrolls of vulnerability
 u - a scroll of silence
 X - a scroll of amnesia
 Z - a scroll of enchant weapon
Potions
 f - 2 potions of magic
 g - 4 potions of berserk rage
 l - 3 potions of cancellation
 w - a potion of invisibility
 x - 3 potions of mutation
 B - 2 potions of ambrosia
 C - 2 potions of degeneration {unknown}
 E - 2 potions of brilliance {unknown}
 F - 6 potions of curing
 J - 5 potions of flight
 K - 2 potions of heal wounds {unknown}
 N - 3 potions of attraction {unknown}
 U - a potion of might
 Y - a potion of lignification {unknown}
Miscellaneous
 V - a box of beasts


   Skills:
 + Level 10.1 Fighting
 + Level 10.1 Short Blades
 + Level 8.9 Long Blades
 + Level 8.9 Axes
 + Level 8.9 Maces & Flails
 + Level 8.9 Polearms
 + Level 8.9 Staves
 + Level 8.9 Ranged Weapons
 + Level 10.1 Throwing
 + Level 8.9 Armour
 + Level 9.3 Dodging
 + Level 11.8 Stealth
 + Level 8.9 Shields
 + Level 8.9 Unarmed Combat
 + Level 8.9 Spellcasting
 + Level 7.4 Conjurations
 + Level 7.4 Hexes
 + Level 7.4 Summonings
 + Level 7.4 Necromancy
 + Level 7.4 Translocations
 + Level 7.4 Transmutations
 + Level 7.4 Fire Magic
 + Level 7.4 Ice Magic
 + Level 7.4 Air Magic
 + Level 7.4 Earth Magic
 + Level 7.4 Poison Magic
 + Level 9.7 Invocations
 + Level 8.9 Evocations


You had 29 spell levels left.
You didn't know any spells.
Your spell library contained the following spells:

 Spells                   Type           Power      Damage    Failure   Level
 Shock                    Conj/Air       100%       1d9       1%          1
 Gell's Gravitas          Tloc           29%        N/A       1%          3
 Ozocubu's Armour         Ice            29%        N/A       1%          3
 Swiftness                Air            29%        N/A       1%          3
 Teleport Other           Tloc           29%        N/A       1%          3
 Airstrike                Air            14%        2d(3-19)  6%          4
 Metabolic Englaciation   Hex/Ice        14%        N/A       17%         5
 Dispersal                Tloc           14%        N/A       67%         6
 Simulacrum               Ice/Necr       14%        N/A       67%         6


Dungeon Overview and Level Annotations

Branches:
Dungeon (10/15)            Temple (1/1) D:6            Lair (5/5) D:8
  Swamp (0/4) Lair:3        Snake (0/4) Lair:3        Slime (0/5) Lair:5
    Orc: D:9-12

Altars:
Cheibriados
Dithmenos
Fedhas
Gozag
Hepliaklqana
Kikubaaqudgha
Makhleb
Nemelex Xobeh
Okawaru
Qazlal
Ru
Sif Muna
Trog
Uskayaw
Vehumet
Wu Jian
Xom
Yredelemnul
The Shining One
Jiyva

Shops:
D:6 =   D:8 :*

Annotations:
D:3 1 runed translucent door, zurenarrh's ghost, amateur BaFi
Lair:2 3 runed translucent doors, Ragnag's ghost, journeyman FoAK
Lair:3 exclusion: oklob plant


Innate Abilities, Weirdness & Mutations

Your life essence is reduced to manifest your ancestor. (-10% HP)
You have very sharp teeth.
Your uncanny sense of smell can sniff out nearby items.
Your experience applies equally to all skills.


Message History

The sea snake barely misses Djefatnebti.
The yak closely misses Djefatnebti.
You barely miss the wyvern.
The wyvern is heavily wounded.
You block the wyvern's attack.
The sea snake bites Djefatnebti!
Djefatnebti gestures at the wyvern while chanting.
The wyvern resists with significant effort.
The yak gores Djefatnebti. 2 dream sheep come into view.
The dream sheep bleats!
You hear a bleat!
A dream sheep comes into view.
The dream sheep moves out of view.
What are your orders? t - Bark!
Orders for allies: a - Attack new target. r - Retreat! s - Stop attacking. g - Guard the area. f - Follow me.
Anything else - Cancel.
Retreat in which direction?
Press: ? - help, Dir - move target, f - you
Okay, then.
Unknown command.
As you read the scroll of teleportation, it crumbles to dust.
You feel strangely unstable.
Djefatnebti gestures at the wyvern while chanting.
The wyvern resists with significant effort.
The wyvern barely misses Djefatnebti.
You block the snapping turtle's attack.
Okay, then.
Unknown command.
A dream sheep comes into view.
The wyvern closely misses Djefatnebti.
Djefatnebti hits the wyvern with a +0 dagger of draining.
The dream sheep shake their wool and sparkle.
You feel drowsy...
You fall asleep.
Djefatnebti hits the wyvern with a +0 dagger of draining.
Djefatnebti drains the wyvern.
The wyvern dies!
The snapping turtle bites you!!!
Ouch! That really hurt!
You die...

~~~~~~~~Y~~~~~~.........,........
~.~~~~~~~~~~~~~........,,........
###########~##........#*,...##...
~~~~~⌠*,~~#~#~Y.R.....##*.....#..
~~,~~~*~#~~~~.~.Y......#,........
~~~~~~*~~~#~~~~.Y.....#*,........
###*8~*~*~#~##~.......#**........
∆∆∆*~~~~~~~~~#~.S.....##*.....P..
~~~+~~~~.~~.~~..@......#,.....##.
~~~+~~~~.~~~~P~t.......#,....##..
~~~*~~~~~~#~##~.....?.#.*..####.)
**~*8~*~~~#~*#~....Y..#**..P##...
~~~~~,~~~~#~~~........#,,....##..
,*~~~~*~*~~~~~~.........,........
~~~~~⌠*8~~*.##..........,........
~*,~******P.*#......Y...,........
~~~~~~~~~~~~~~,,,,,,,,,,,........


You could see the friendly Djefatnebti the hexer, a death yak, a sea snake, a
snapping turtle, 2 yaks and 2 dream sheep.

Vanquished Creatures
  3 hydras
  A catoblepas (Lair:5)
  A two-headed ogre (D:9)
  A merfolk avatar (Lair:5)
  3 death yaks
  A deep elf zephyrmancer (D:8)
  5 elephants
  3 torpor snails
  5 cane toads
  Maggie (D:7)
  2 rime drakes
  4 komodo dragons
  A troll (D:8)
  A wind drake (Lair:5)
  3 blink frogs (Lair:3)
  Grinder (D:4)
  Prince Ribbit (D:7)
  A shadow (D:10)
  A wyvern (D:8)
  25 yaks
  2 steam dragons (D:7)
  3 vampire mosquitoes (Lair:3)
  An acid dragon (D:9)
  7 water moccasins
  2 ice beasts (D:5)
  A sky beast (D:8)
  3 ogres
  2 orc warriors
  2 black bears
  10 wolves
  2 centaurs
  3 phantoms
  A kobold brigand (D:7)
  13 bullfrogs
  A wight (D:9)
  6 killer bees (D:7)
  A quasit (D:8)
  8 hounds
  2 jellies (D:6)
  2 gnoll boudas (D:7)
  An orc priest (D:4)
  Crazy Yiuf (D:5)
  Natasha (twice) (D:4)
  An iguana (D:6)
  Ijyb (D:5)
  8 orc wizards (D:7)
  8 gnolls
  12 adders
  5 shadow imps
  5 white imps
  An ufetubus (D:3)
  3 worms
  2 dart slugs
  30 orcs
  4 endoplasms
  5 giant cockroaches
  4 goblins
  4 hobgoblins
  4 jackals
  11 kobolds
  3 quokkas
  6 ball pythons
  8 bats
  5 frilled lizards
  5 rats
275 creatures vanquished.

Vanquished Creatures (collateral kills)
  2 hydras (Lair:4)
  A catoblepas (Lair:2)
  6 death yaks
  An elephant (Lair:5)
  Maurice (D:8)
  3 black mambas
  A torpor snail (Lair:2)
  A cane toad (Lair:4)
  A rime drake (Lair:3)
  3 komodo dragons
  A polar bear (Lair:2)
  2 blink frogs (Lair:3)
  3 dream sheep (Lair:2)
  A snapping turtle (Lair:5)
  9 yaks
  2 wyverns
  2 basilisks
  3 water moccasins
  5 wolves
  A bullfrog (Lair:3)
  2 wights (D:9)
  An orc (D:9)
  4 bats (Lair:2)
56 creatures vanquished.

Vanquished Creatures (others)
  8 hexers
  An orc (D:7)
  A bush (Lair:5)
  24 fungi
  66 plants
100 creatures vanquished.

Grand Total: 431 creatures vanquished

Notes
Turn   | Place    | Note
-------+----------+-------------------------------------------
     0 | D:1      | MisterFreud the Gnoll Brigand began the quest for the Orb.
     0 | D:1      | Reached XP level 1. HP: 20/20 MP: 1/1
   188 | D:1      | Found a faded altar of an unknown god.
   393 | D:1      | Reached XP level 2. HP: 26/26 MP: 2/2
   684 | D:1      | Reached XP level 3. HP: 31/31 MP: 3/3
  1095 | D:2      | Reached skill level 1 in Invocations
  1230 | D:2      | Reached skill level 1 in Long Blades
  1230 | D:2      | Reached skill level 1 in Axes
  1230 | D:2      | Reached skill level 1 in Maces & Flails
  1230 | D:2      | Reached skill level 1 in Polearms
  1230 | D:2      | Reached skill level 1 in Staves
  1230 | D:2      | Reached skill level 1 in Ranged Weapons
  1230 | D:2      | Reached skill level 1 in Armour
  1230 | D:2      | Reached skill level 1 in Shields
  1230 | D:2      | Reached skill level 1 in Unarmed Combat
  1230 | D:2      | Reached skill level 1 in Spellcasting
  1230 | D:2      | Reached skill level 1 in Evocations
  1287 | D:2      | Reached XP level 4. HP: 28/38 MP: 5/5
  1780 | D:2      | Reached skill level 1 in Conjurations
  1780 | D:2      | Reached skill level 1 in Hexes
  1780 | D:2      | Reached skill level 1 in Summonings
  1780 | D:2      | Reached skill level 1 in Necromancy
  1780 | D:2      | Reached skill level 1 in Translocations
  1780 | D:2      | Reached skill level 1 in Transmutations
  1780 | D:2      | Reached skill level 1 in Fire Magic
  1780 | D:2      | Reached skill level 1 in Ice Magic
  1780 | D:2      | Reached skill level 1 in Air Magic
  1780 | D:2      | Reached skill level 1 in Earth Magic
  1780 | D:2      | Reached skill level 1 in Poison Magic
  1965 | D:3      | Found a runed translucent door.
  1969 | D:3      | Noticed zurenarrh's ghost (amateur BaFi)
  2362 | D:3      | Reached XP level 5. HP: 43/43 MP: 7/7
  2886 | D:4      | Noticed an ogre
  3014 | D:4      | Found a bloodstained altar of Trog.
  3109 | D:4      | Reached skill level 8 in Stealth
  3352 | D:4      | Noticed Grinder
  3383 | D:4      | Paralysed by Grinder for 2 turns
  3390 | D:4      | Killed Grinder
  3391 | D:4      | Reached skill level 5 in Fighting
  3391 | D:4      | Reached skill level 5 in Short Blades
  3391 | D:4      | Reached skill level 5 in Throwing
  3391 | D:4      | Reached XP level 6. HP: 16/51 MP: 7/9
  3891 | D:4      | Reached XP level 7. HP: 49/56 MP: 10/10
  4172 | D:4      | Found a sacrificial altar of Ru.
  4261 | D:4      | Noticed Natasha
  4265 | D:4      | Killed Natasha
  4300 | D:4      | Found a sparkling altar of Nemelex Xobeh.
  4366 | D:5      | Entered Level 5 of the Dungeon
  4488 | D:4      | Noticed Natasha
  4513 | D:4      | Killed Natasha
  4549 | D:5      | Found an opulent altar of Gozag.
  4736 | D:5      | Reached XP level 8. HP: 63/63 MP: 12/12
  4799 | D:5      | Found an ancient bone altar of Kikubaaqudgha.
  4805 | D:5      | Noticed Ijyb
  4812 | D:5      | Killed Ijyb
  5035 | D:5      | Found a basalt altar of Yredelemnul.
  5364 | D:5      | Found a hide-covered altar of Uskayaw.
  5644 | D:5      | Found a runed translucent door.
  5645 | D:5      | Noticed Crazy Yiuf
  5661 | D:5      | Killed Crazy Yiuf
  6039 | D:6      | Found a staircase to the Ecumenical Temple.
  6066 | Temple   | Entered the Ecumenical Temple
  6066 | Temple   | Noticed an ice devil
  6067 | Temple   | Noticed Muxkohitz the pandemonium lord
  6067 | Temple   | Noticed Horoog the pandemonium lord
  6067 | Temple   | Noticed a lorocyproca
  6067 | Temple   | Noticed a lorocyproca
  6068 | Temple   | Noticed a reaper
  6068 | Temple   | Noticed a tormentor
  6069 | Temple   | Noticed a Tzitzimitl
  6070 | Temple   | Noticed Heoh the pandemonium lord
  6071 | Temple   | Noticed a hellion
  6111 | Temple   | Noticed Ziackean the pandemonium lord
  6119 | Temple   | Noticed a reaper
  6127 | Temple   | Noticed a cacodemon
  6129 | Temple   | Noticed Wathre Jimec the pandemonium lord
  6130 | Temple   | Noticed a lorocyproca
  6138 | Temple   | Noticed a shadow demon
  6138 | Temple   | Noticed a shadow demon
  6142 | Temple   | Noticed Opnefues the pandemonium lord
  6221 | D:6      | Found a hazy altar of Hepliaklqana.
  6235 | D:6      | Found Vigos's Jewellery Shoppe.
  6279 | D:6      | Became a worshipper of Hepliaklqana the Forgotten
  6790 | D:6      | Found a snail-covered altar of Cheibriados.
  7109 | D:7      | Reached XP level 9. HP: 66/69 MP: 14/14
  7203 | D:7      | Noticed Prince Ribbit
  7238 | D:7      | Killed Prince Ribbit
  7368 | D:7      | Reached skill level 5 in Dodging
  7390 | D:7      | Reached skill level 9 in Stealth
  7611 | D:7      | Noticed Maggie
  7630 | D:7      | Killed Maggie
  7636 | D:7      | Reached skill level 5 in Invocations
  8051 | D:7      | Found a shimmering blue altar of Sif Muna.
  8464 | D:7      | Found a shadowy altar of Dithmenos.
  8861 | D:8      | Found Tualou Xirr's Lightly-Used Armoury.
  8870 | D:8      | Bought a -1 demon trident for 130 gold pieces
  8896 | D:8      | Identified a scroll of acquirement
  8896 | D:8      | Acquired the +0 buckler of Polish {rF+ rC+}
  8912 | D:8      | Reached * piety under Hepliaklqana
  8913 | D:8      | Found a staircase to the Lair.
  8919 | D:8      | Noticed Maurice
  8936 | D:8      | Killed Maurice
  8937 | D:8      | Reached skill level 5 in Long Blades
  8937 | D:8      | Reached skill level 5 in Axes
  8937 | D:8      | Reached skill level 5 in Maces & Flails
  8937 | D:8      | Reached skill level 5 in Polearms
  8937 | D:8      | Reached skill level 5 in Staves
  8937 | D:8      | Reached skill level 5 in Ranged Weapons
  8937 | D:8      | Reached skill level 5 in Armour
  8937 | D:8      | Reached skill level 5 in Shields
  8937 | D:8      | Reached skill level 5 in Unarmed Combat
  8937 | D:8      | Reached skill level 5 in Spellcasting
  8937 | D:8      | Reached skill level 5 in Evocations
  8937 | D:8      | Reached XP level 10. HP: 55/69 MP: 17/17
  9546 | D:8      | Found an ornate altar of the Wu Jian Council.
  9811 | D:8      | Noticed a deep elf zephyrmancer
  9814 | D:8      | Killed a deep elf zephyrmancer
  9866 | D:8      | Found Romeiqu Syon's Book Shop.
  9930 | D:9      | Reached ** piety under Hepliaklqana
  9940 | D:9      | Remembered your ancestor Djefatnebti as a hexer
 10078 | D:9      | Noticed a two-headed ogre
 10085 | D:9      | Killed a two-headed ogre
 10616 | D:10     | Entered Level 10 of the Dungeon
 10660 | D:10     | Found a radiant altar of Vehumet.
 10737 | D:10     | Noticed a white ugly thing
 10738 | D:10     | Noticed an unseen horror
 10746 | D:10     | Paralysed by a floating eye for 2 turns
 10752 | D:10     | Paralysed by a floating eye for 2 turns
 10814 | Lair:1   | Entered Level 1 of the Lair of Beasts
 10906 | Lair:1   | Noticed a cane toad
 10911 | Lair:1   | Killed a cane toad
 10912 | Lair:1   | Reached skill level 5 in Conjurations
 10912 | Lair:1   | Reached skill level 5 in Hexes
 10912 | Lair:1   | Reached skill level 5 in Summonings
 10912 | Lair:1   | Reached skill level 5 in Necromancy
 10912 | Lair:1   | Reached skill level 5 in Translocations
 10912 | Lair:1   | Reached skill level 5 in Transmutations
 10912 | Lair:1   | Reached skill level 5 in Fire Magic
 10912 | Lair:1   | Reached skill level 5 in Ice Magic
 10912 | Lair:1   | Reached skill level 5 in Air Magic
 10912 | Lair:1   | Reached skill level 5 in Earth Magic
 10912 | Lair:1   | Reached skill level 5 in Poison Magic
 10912 | Lair:1   | Reached XP level 11. HP: 19/76 MP: 18/20
 11280 | Lair:1   | Reached skill level 10 in Stealth
 12222 | Lair:1   | Reached *** piety under Hepliaklqana
 12992 | Lair:2   | Found a runed translucent gate.
 12994 | Lair:2   | Found a runed translucent gate.
 13047 | Lair:2   | Noticed a catoblepas
 13626 | Lair:2   | Killed a catoblepas
 13716 | Lair:2   | Found a runed translucent gate.
 13720 | Lair:2   | Noticed Ragnag's ghost (journeyman FoAK)
 14520 | Lair:3   | Noticed a death yak
 14521 | Lair:3   | Noticed a death yak
 14522 | Lair:3   | Noticed a death yak
 14522 | Lair:3   | Noticed a death yak
 14523 | Lair:3   | Noticed a death yak
 14526 | Lair:3   | Noticed a death yak
 14561 | Lair:2   | Killed a death yak
 14562 | Lair:2   | Reached XP level 12. HP: 38/84 MP: 20/22
 14564 | Lair:2   | Killed a death yak
 15314 | Lair:3   | You fall into a shaft and drop 2 floors!
 15314 | Lair:5   | Entered Level 5 of the Lair of Beasts
 15324 | Lair:5   | Noticed a death yak
 15325 | Lair:5   | Noticed a death yak
 15332 | Lair:5   | Reached **** piety under Hepliaklqana
 15505 | Lair:3   | Noticed a five-headed hydra
 15511 | Lair:3   | Killed a five-headed hydra
 15978 | Lair:3   | Found a staircase to the Snake Pit.
 16484 | Lair:3   | Reached skill level 11 in Stealth
 16693 | Lair:3   | Noticed a death yak
 16693 | Lair:3   | Noticed a death yak
 16696 | Lair:3   | Noticed a death yak
 16917 | Lair:3   | Found a staircase to the Swamp.
 16987 | Lair:2   | Killed a death yak
 17036 | Lair:2   | Killed a death yak
 17147 | Lair:3   | Killed a death yak
 17315 | Lair:3   | Killed a death yak
 17401 | Lair:3   | Killed a death yak
 17413 | Lair:3   | Killed a death yak
 17416 | Lair:3   | Killed a death yak
 17417 | Lair:3   | Reached XP level 13. HP: 52/90 MP: 25/25
 18911 | Lair:4   | Identified the +1 chain mail of Resilience {Stlth+}
 19759 | Lair:5   | Found a viscous altar of Jiyva.
 19760 | Lair:5   | Found a staircase to the Slime Pits.
 19895 | Lair:5   | Reached skill level 10 in Fighting
 19895 | Lair:5   | Reached skill level 10 in Short Blades
 19895 | Lair:5   | Reached skill level 10 in Throwing
 20027 | Lair:5   | Annihilated by a snapping turtle

Illustrated notes

Levels and vault maps discovered:
D:1:      elethiomel_arrival_infinity_welcomes_careful_drivers,
          layout_loops_ring, ebering_ecumenical_altar_mist, nrook_uturn,
          minmay_misc_feat_enclosed, roderic_lattice_a
D:2:      layout_rooms
D:3:      layout_loops_cross, ebering_ghost_sewer_d, minmay_quantized
D:4:      layout_basic, nicolae_ru_path_of_blood, trog_three_pillars_becter,
          mainiacjoe_overflow_alcove_2, kennysheep_flooded_box, uniq_grinder,
          uniq_natasha
D:5:      layout_loops_ring, mainiacjoe_overflow_24_doors,
          eat_drink_and_be_merry_uskayaw, lemuel_round_altar,
          nicolae_gozag_seed_capital, kennysheep_opposing_triangles,
          uniq_crazy_yiuf_cottage, uniq_ijyb
D:6:      layout_cave_pods, kennysheep_mini, mainiacjoe_overflow_alcove_1,
          minmay_temple_entry_arrows, kennysheep_windowed_goal
D:7:      layout_basic, mainiacjoe_overflow_paths, led_sif_book,
          uniq_prince_ribbit1, uniq_maggie
D:8:      layout_basic, pdpol_wu_jian_five_deadly_venoms,
          nicolae_overflow_hidden_temple, lair_entry_dummy, serial_demonic,
          serial_demonic_b, serial_demonic_a, serial_demonic_d,
          serial_demonic_c, serial_shops, nicolae_take_the_stairs,
          corexii_leaking_fountain, minmay_shop_damaged,
          guppyfry_early_elven_hall, uniq_maurice
D:9:      layout_roguey
D:10:     layout_loops_cross, mainiacjoe_overflow_catwalk,
          mainiacjoe_overflow_tiny_flanked, small_chamber_with_monster,
          onia_ninara_cookie
Temple:   nicolae_temple_panitentiary
Lair:1:   layout_regular_city, grunt_megastairs_1
Lair:2:   layout_cave_pods, gammafunk_ghost_necromancy, roderic_batcave
Lair:3:   layout_layer_cave, minmay_swamp_entry_swarm, dummy_snake_entry
Lair:4:   layout_roguey, lemuel_fruit_tree, grunt_megastairs_3
Lair:5:   gammafunk_lair_ancient_temple, layout_regular_city, slime_entry_1,
          st_stairs_6, lemuel_fruit_fields, serial_bayou_shore_a

Skill      XL: |  1  2  3  4  5  6  7  8  9 10 11 12 13 |
---------------+----------------------------------------+-----
Invocations    | 1 2 3 4 5 6 7 8 9 |  9.7
Long Blades    | 1 2 3 5 6 7 8 |  8.9
Axes           | 1 2 3 5 6 7 8 |  8.9
Maces & Flails | 1 2 3 5 6 7 8 |  8.9
Polearms       | 1 2 3 5 6 7 8 |  8.9
Staves         | 1 2 3 5 6 7 8 |  8.9
Ranged Weapons | 1 2 3 5 6 7 8 |  8.9
Armour         | 1 2 3 5 6 7 8 |  8.9
Shields        | 1 2 3 5 6 7 8 |  8.9
Unarmed Combat | 1 2 3 5 6 7 8 |  8.9
Spellcasting   | 1 2 3 5 6 7 8 |  8.9
Evocations     | 1 2 3 5 6 7 8 |  8.9
Conjurations   | 1 2 3 4 5 6 7 |  7.4
Hexes          | 1 2 3 4 5 6 7 |  7.4
Summonings     | 1 2 3 4 5 6 7 |  7.4
Necromancy     | 1 2 3 4 5 6 7 |  7.4
Translocations | 1 2 3 4 5 6 7 |  7.4
Transmutations | 1 2 3 4 5 6 7 |  7.4
Fire Magic     | 1 2 3 4 5 6 7 |  7.4
Ice Magic      | 1 2 3 4 5 6 7 |  7.4
Air Magic      | 1 2 3 4 5 6 7 |  7.4
Earth Magic    | 1 2 3 4 5 6 7 |  7.4
Poison Magic   | 1 2 3 4 5 6 7 |  7.4
Dodging        | 3 4 5 6 7 8 9 |  9.3
Stealth        | 8 9 10 11 | 11.8
Fighting       | 5 6 7 8 9 10 | 10.1
Short Blades   | 5 6 7 8 9 10 | 10.1
Throwing       | 5 6 7 8 9 10 | 10.1

Action                   |  1- 3 |  4- 6 |  7- 9 | 10-12 | 13-15 || total
-------------------------+-------+-------+-------+-------+-------++-------
Melee: Dagger            |    66 |   252 |   592 |   810 |   327 ||  2047
       Bite              |     7 |    33 |    52 |   145 |    57 ||   294
       Punch             |     1 |     4 |    15 |       |       ||    20
Throw: Boomerang         |       |     5 |     6 |       |       ||    11
       Dart              |       |     1 |     7 |       |       ||     8
Invok: Recall Ancestor   |       |       |       |     8 |     1 ||     9
       Ancestor Life: He |       |       |       |     1 |       ||     1
Evoke: Wand              |       |       |       |     1 |       ||     1
  Use: Scroll            |       |    10 |    11 |     6 |     2 ||    29
       Potion            |       |       |     2 |     1 |       ||     3
 Stab: Sleeping          |    13 |    10 |    13 |    14 |     3 ||    53
       Invisible         |       |       |     5 |       |       ||     5
       Confused          |       |       |       |    20 |     8 ||    28
       Distracted        |       |       |       |     6 |     8 ||    14
       Petrifying        |       |       |       |     2 |       ||     2
Armor: Robe              |    12 |    48 |   141 |   208 |    74 ||   483
Dodge: Dodged            |    25 |    92 |   257 |   382 |   150 ||   906
Block: Buckler           |       |       |       |   168 |    74 ||   242
